 Dungeon Crawl Stone Soup version 0.27.1-1-g398f81649c (webtiles) character file.

Game seed: 10012486518330100565

7005 cahman the Blocker (level 10, -6/90 HPs)
             Began as a Minotaur Berserker on Sept 15, 2021.
             Was an Elder of Trog.
             Mangled by a tentacle (12 damage)
             ... attached to a kraken
             ... on level 2 of the Abyss on Sept 17, 2021.
             The game lasted 00:38:19 (10139 turns).

cahman the Blocker (Minotaur Berserker)            Turns: 10139, Time: 00:38:21

Health: -6/90      AC: 17    Str: 30    XL:     10   Next: 82%
Magic:  9/9        EV:  7    Int:  4    God:    Trog [****..]
Gold:   780        SH: 19    Dex: 11    Spells: 9/9 levels left

rFire    . . .     SeeInvis .   K - +5 mace (freeze)
rCold    . . .     Faith    .   y - +1 tower shield
rNeg     . . .     Spirit   .   L - +0 plate armour
rPois    .         Reflect  .   m - +0 hat
rElec    .         Harm     .   (no cloak)
rCorr    .         Rampage  .   z - +2 pair of gloves {archery}
Will     ++...                  (no boots)
Stlth    ..........             (no amulet)
HPRegen  1.25/turn              b - +6 ring of strength
MPRegen  0.11/turn              (no ring)

@: strong-willed, on berserk cooldown, flying, regenerating, hasted and slowed
A: horns 2, retaliatory headbutt
a: Renounce Religion, Berserk, Trog's Hand, Brothers in Arms


You were on level 2 of the Abyss.
You worshipped Trog.
Trog was greatly pleased with you.
You visited 1 branch of the dungeon, and saw 10 of its levels.
You visited the Abyss 1 time.

You collected 780 gold pieces.

Inventory:

Hand Weapons
 n - a +1 vampiric whip
 s - a +2 flail of holy wrath
 F - the +12 dagger "Impbane" {holy, *Rage rC+++ Dex+5}
   (You found it on level 6 of the Dungeon)

   It has been blessed by the Shining One to cause great damage to the undead
   and demons.
   Dex:       It affects your dexterity (+5).
   rC:        It renders you almost immune to cold.
   *Rage:     It may make you go berserk in combat.
 I - a +5 flail of protection
 K - a +5 mace of freezing (weapon)
Missiles
 i - 8 javelins
 w - 3 boomerangs
 B - 51 poisoned darts (quivered)
Armour
 m - a +0 hat (worn)
 y - a +1 tower shield (worn)
 z - a +2 pair of gloves of archery (worn)
 L - a +0 plate armour (worn)
Jewellery
 b - a +6 ring of strength (left hand)
Wands
 e - a wand of mindburst (15)
 j - a wand of iceblast (17)
 x - a wand of flame (33)
 D - a wand of digging (7)
Scrolls
 a - a scroll of enchant weapon
 f - 2 scrolls of fog
 h - 3 scrolls of magic mapping
 k - a scroll of immolation
 p - a scroll of amnesia
 q - a scroll of brand weapon {unknown}
 C - a scroll of vulnerability {unknown}
 E - a scroll of silence {unknown}
 G - a scroll of noise {unknown}
 J - 3 scrolls of teleportation
Potions
 c - a potion of curing
 d - a potion of flight
 g - a potion of brilliance {unknown}
 l - a potion of haste
 o - 3 potions of mutation
 r - 3 potions of lignification
 t - 2 potions of attraction {unknown}
 u - a potion of ambrosia {unknown}
 v - a potion of degeneration {unknown}
 A - a potion of heal wounds {unknown}
 H - 2 potions of magic {unknown}


   Skills:
 + Level 8.8 Fighting
 + Level 8.7 Maces & Flails
 - Level 6.1 Throwing
 + Level 8.3 Armour
 + Level 7.6 Dodging
 * Level 9.0 Shields
 + Level 2.0 Evocations


You had 9 spell levels left.
You didn't know any spells.
Your spell library was empty.

Dungeon Overview and Level Annotations

Branches:
Dungeon (10/15)            Temple (0/1) D:7            Lair (0/6) D:9
    Orc: D:9-12

Altars:
Ashenzari
Cheibriados
Gozag
Kikubaaqudgha
Nemelex Xobeh
Sif Muna
Vehumet
Wu Jian
Yredelemnul

Annotations:
D:7 2 transporters, ZARRMARR's ghost, novice OpCj
D:10 Psyche


Innate Abilities, Weirdness & Mutations

You have a pair of horns on your head.
You reflexively headbutt those who attack you in melee.


Message History

You swap places.
You feel a strong urge to attack something.
You block the small abomination's attack.
The hellwing hits you but does no damage.
You block the hellwing's attack.
Your ogre hits the hellwing with a +0 giant club!!
The large abomination hits your ogre!!
Tentacles burst out of the water!
The hellwing hits you but does no damage. x2 4 tentacles come into view.
You hear a chilling moan.
You feel your anger nearly subside.
Your ogre barely misses the hellwing.
The large abomination hits your ogre!
A tentacle flies out from the starspawn's body!
The tentacle slaps you!
The tentacle slaps you but does no damage.
You block the tentacle's attack.
A starspawn tentacle comes into view.
You are no longer berserk.
You are exhausted.
You feel yourself slow down.
Your ogre hits the hellwing with a +0 giant club!
The tentacle slaps you but does no damage.
You block the tentacle's attack. The tentacle slaps you!
* * * LOW HITPOINT WARNING * * *
A starspawn tentacle comes into view.
The tentacle slaps you!!
* * * LOW HITPOINT WARNING * * *
A tentacle segment bursts forth from the water. x2
Your ogre closely misses the tentacle.
You block the tentacle's attack. x2
You block the small abomination's attack.
Your ogre hits the tentacle with a +0 giant club!!!
It was a potion of haste.
You feel yourself speed up. The tentacle slaps your ogre.
You block the tentacle's attack. The tentacle slaps you.
* * * LOW HITPOINT WARNING * * *
A tentacle segment bursts forth from the water. x5
The small abomination hits you but does no damage.
The tentacle slaps you!
You die...

#...... #..#..#.#.
##......##.X##.....
..........││{Z###..
..........ww§§ .# #
...≈≈≈..──XO####.#
≈≈≈≈.≈≈≈≈.w..##. .
≈≈≈≈≈≈≈≈*.4.....# Z
.≈≈x≈≈≈wx≈.....##
≈§≈≈≈X≈@w≈.......
≈§≈≈∩≈≈≈≈.......##
≈≈≈≈≈≈≈≈≈≈..###...
≈≈≈≈≈≈≈≈≈≈...# #..
≈≈≈≈.≈≈≈.≈..##
.≈≈.≈≈......#
.≈.≈..≈≈.....
.............#


You could see a kraken, a tentacled starspawn, a large abomination, 3 tentacles,
a hellwing (ally target), 2 small abominations, 2 starspawn tentacles, a frost
giant simulacrum and a friendly ogre (summoned, berserk).

Vanquished Creatures
  Pikel (D:4)
  4 centaur zombies
  A troll (D:6)
  A hornet (D:9)
  A shadow (D:8)
  Sigmund (D:3)
  9 yaks
  2 steam dragons
  Edmund (D:6)
  A water moccasin (D:7)
  A hornet zombie (D:9)
  2 black bears (D:7)
  2 necrophages
  4 orc warriors
  An ice beast (D:5)
  3 ogres (D:6)
  A centaur (D:7)
  2 lemures (D:4)
  A phantom (D:5)
  Blork the orc (D:5)
  A kobold brigand (D:8)
  A bullfrog (D:8)
  A wyvern zombie (D:5)
  2 scorpions
  A water moccasin skeleton (D:5)
  13 wights
  2 jellies
  A hound (D:6)
  2 centaur skeletons
  3 gnoll shamans
  7 orc priests
  2 bullfrog skeletons (D:5)
  4 iguanas
  Natasha (thrice) (D:4)
  11 orc wizards
  A killer bee zombie (D:8)
  The ghost of jimbles the Sneak, a weakling SpDe (D:5)
  A howler monkey zombie (D:5)
  15 gnolls
  A howler monkey skeleton (D:7)
  4 adders
  A white imp (D:6)
  2 ufetubi
  2 worms
  4 dart slugs
  25 orcs
  3 ball pythons
  3 endoplasms
  A giant cockroach (D:4)
  7 goblins
  5 hobgoblins
  2 quokkas
  3 bats
  2 frilled lizards (D:1)
  19 kobolds
  2 rats (D:1)
198 creatures vanquished.

Vanquished Creatures (collateral kills)
  A small abomination (Abyss:2)
  A quasit (Abyss:2)
  A starspawn tentacle (Abyss:2)
3 creatures vanquished.

Vanquished Creatures (others)
  4 plants (D:1)
  14 starspawn tentacles (Abyss:2)
  A tentacle (Abyss:2)
19 creatures vanquished.

Grand Total: 220 creatures vanquished

Notes
Turn   | Place    | Note
-------+----------+-------------------------------------------
     0 | D:1      | cahman the Minotaur Berserker began the quest for the Orb.
     0 | D:1      | Reached XP level 1. HP: 19/19 MP: 0/0
    14 | D:1      | Noticed an electric eel
   110 | D:1      | Found a faded altar of an unknown god.
   445 | D:1      | Reached XP level 2. HP: 24/27 MP: 1/1
   712 | D:1      | Reached ** piety under Trog
  1433 | D:2      | Reached XP level 3. HP: 33/33 MP: 2/2
  1554 | D:2      | Reached skill level 1 in Throwing
  2174 | D:2      | Reached XP level 4. HP: 35/40 MP: 3/3
  2340 | D:3      | Found a snail-covered altar of Cheibriados.
  2448 | D:3      | Reached XP level 5. HP: 47/47 MP: 4/4
  2880 | D:3      | Noticed Sigmund
  2888 | D:3      | Killed Sigmund
  2889 | D:3      | Reached skill level 5 in Fighting
  2889 | D:3      | Reached skill level 5 in Maces & Flails
  2889 | D:3      | Reached XP level 6. HP: 56/56 MP: 5/5
  3098 | D:4      | Found an ancient bone altar of Kikubaaqudgha.
  3098 | D:4      | Found a sparkling altar of Nemelex Xobeh.
  3347 | D:4      | Found a broken altar of Ashenzari.
  3607 | D:4      | Noticed Pikel
  3617 | D:4      | Killed Pikel
  3618 | D:4      | Reached skill level 5 in Armour
  3618 | D:4      | Reached XP level 7. HP: 63/63 MP: 6/6
  3849 | D:4      | Noticed Natasha
  3855 | D:4      | Killed Natasha
  3957 | D:4      | Noticed Natasha
  3961 | D:4      | Killed Natasha
  3992 | D:4      | Reached XP level 8. HP: 67/70 MP: 7/7
  4043 | D:4      | Found a sparkling altar of Nemelex Xobeh.
  4049 | D:4      | Found an ancient bone altar of Kikubaaqudgha.
  4142 | D:4      | Found a broken altar of Ashenzari.
  4153 | D:4      | Noticed Natasha
  4160 | D:4      | Killed Natasha
  4161 | D:4      | Reached skill level 5 in Dodging
  4161 | D:4      | Reached skill level 1 in Shields
  4646 | D:5      | Entered Level 5 of the Dungeon
  4647 | D:5      | Found a radiant altar of Vehumet.
  4683 | D:5      | Noticed Blork the orc
  4697 | D:5      | Killed Blork the orc
  4701 | D:5      | Reached skill level 2 in Shields
  4767 | D:5      | Reached skill level 3 in Shields
  5032 | D:5      | Found a shimmering blue altar of Sif Muna.
  5077 | D:5      | Reached skill level 4 in Shields
  5142 | D:5      | Reached *** piety under Trog
  5387 | D:5      | Found a runed translucent gate.
  5389 | D:5      | Found a runed translucent gate.
  5390 | D:5      | Noticed jimbles's ghost (weakling SpDe)
  5391 | D:5      | Found a runed translucent gate.
  5402 | D:5      | Killed jimbles's ghost
  5583 | D:6      | Reached XP level 9. HP: 70/78 MP: 8/8
  5596 | D:6      | Identified the +12 dagger "Impbane" {holy, *Rage rC+++
                  | Dex+5}
  5646 | D:6      | Reached skill level 5 in Shields
  5746 | D:6      | Reached skill level 5 in Throwing
  5797 | D:6      | Noticed a troll
  5807 | D:6      | Killed a troll
  6074 | D:6      | Noticed Edmund
  6090 | D:6      | Killed Edmund
  6250 | D:7      | Reached skill level 6 in Shields
  6378 | D:7      | Found a staircase to the Ecumenical Temple.
  6468 | D:7      | Found a transporter.
  6474 | D:7      | Noticed a moth of wrath
  6476 | D:7      | Noticed a seven-headed hydra
  6477 | D:7      | Noticed ZARRMARR's ghost (novice OpCj)
  6667 | D:7      | Found a transporter.
  7344 | D:8      | Reached skill level 7 in Shields
  7368 | D:8      | Reached XP level 10. HP: 88/88 MP: 9/9
  7379 | D:8      | Reached **** piety under Trog
  8790 | D:8      | Reached skill level 8 in Shields
  9108 | D:9      | Found a staircase to the Lair.
  9145 | D:9      | Reached skill level 1 in Evocations
  9287 | D:9      | Found a basalt altar of Yredelemnul.
  9340 | D:9      | Found an opulent altar of Gozag.
  9498 | D:10     | Entered Level 10 of the Dungeon
  9794 | D:10     | Found an ornate altar of the Wu Jian Council.
  9823 | D:10     | Noticed a death knight
  9836 | D:10     | Noticed Psyche
  9836 | D:10     | Cast into level 2 of the Abyss (Psyche)
  9880 | Abyss:2  | Noticed a spatial maelstrom
  9961 | Abyss:2  | Noticed a smoke demon
  9966 | Abyss:2  | Noticed a large abomination
 10019 | Abyss:2  | Noticed a tentacled starspawn
 10046 | Abyss:2  | Noticed a spatial maelstrom
 10103 | Abyss:2  | Noticed a large abomination
 10114 | Abyss:2  | Reached skill level 9 in Shields
 10133 | Abyss:2  | Noticed a kraken
 10139 | Abyss:2  | Mangled by a tentacle

Illustrated notes

Levels and vault maps discovered:
D:1:      arrival_aquarium_a, layout_basic, chequers_ecumenical_altar_twisty,
          lexackson_kobold_supper
D:2:      layout_basic
D:3:      layout_loops_cross, amcnicky_altar_gilded, serial_park_tiny_pond,
          uniq_sigmund
D:4:      layout_layer_cave, mainiacjoe_overflow_boulevard,
          grunt_temple_overflow_open, kennysheep_big_empty_room, uniq_pikel,
          uniq_natasha
D:5:      layout_rooms, tgw_sif, nicolae_overflow_crystal_walls,
          gammafunk_ghost_necromancy, nrook_uturn, grunt_ministairs_14,
          minmay_quadrilaterals, uniq_blork_the_orc
D:6:      layout_basic, uniq_edmund
D:7:      layout_basic, minmay_temple_entry_glass,
          gammafunk_ghost_berserking_beasts, minmay_misc_feat_secret_circle
D:8:      layout_rooms
D:9:      layout_rooms, mainiacjoe_overflow_swirl, lair_entry_dummy
D:10:     layout_grid_maze, nicolae_wu_jian_wuxing_cycle,
          hellmonk_ghost_happy_afterlife, uniq_psyche
Abyss:2:  base: D:10, guppyfry_abyss_exit_imp_island,
          evilmike_abyss_exit_kraken, evilmike_abyss_exit_kraken

Skill      XL: |  1  2  3  4  5  6  7  8  9 10 |
---------------+-------------------------------+-----
Maces & Flails | 4 5 6 7 8 |  8.7
Fighting       | 4 5 6 7 8 |  8.8
Throwing       | 1 2 3 4 5 6 |  6.1
Armour         | 3 4 5 6 7 8 |  8.3
Dodging        | 3 4 5 6 7 |  7.6
Shields        | 4 7 9 |  9.0
Evocations     | 2 |  2.0

Action                   |  1- 3 |  4- 6 |  7- 9 | 10-12 || total
-------------------------+-------+-------+-------+-------++-------
Melee: Mace              |    57 |       |       |   177 ||   234
       Headbutt          |     9 |    18 |    73 |    40 ||   140
       Whip              |    15 |   117 |   272 |     9 ||   413
Throw: Stone             |    21 |       |       |       ||    21
       Boomerang         |       |    10 |    26 |       ||    36
       Dart              |       |       |    14 |     9 ||    23
       Javelin           |       |       |     4 |     9 ||    13
Invok: Berserk           |     3 |     3 |     2 |     3 ||    11
       Trog's Hand       |       |     2 |     2 |     3 ||     7
       Brothers in Arms  |       |       |       |     1 ||     1
Evoke: Wand              |       |     6 |       |     1 ||     7
  Use: Scroll            |       |       |     8 |     6 ||    14
       Potion            |       |       |     2 |     3 ||     5
Armor: Animal skin       |     4 |       |       |       ||     4
       Ring mail         |     8 |       |       |       ||     8
       Chain mail        |     1 |    30 |   130 |    28 ||   189
       Plate armour      |       |       |       |    89 ||    89
Dodge: Dodged            |    40 |    42 |    67 |    62 ||   211
Block: Tower shield      |       |       |   282 |   330 ||   612
